 Dungeon Crawl Stone Soup version 0.28-a0-1560-g060a6a1bfc (webtiles) character file.

Game seed: 11373577855765589525

17 BritishOli the Ducker (level 2, -4/22 HPs)
             Began as a Demonspawn Gladiator on Jan 19, 2022.
             Slain by a kobold (5 damage)
             ... on level 2 of the Dungeon.
             The game lasted 00:01:20 (931 turns).

BritishOli the Ducker (Demonspawn Gladiator)         Turns: 931, Time: 00:01:22

Health: -4/22      AC:  4    Str: 14    XL:     2   Next: 44%
Magic:  2/2        EV: 12    Int:  9    God:
Gold:   28         SH:  0    Dex: 14    Spells: 1/1 levels left

rFire   . . .      SeeInvis .   a - +0 long sword
rCold   . . .      Faith    .   (no shield)
rNeg    . . .      Spirit   .   b - +0 leather armour
rPois   .          Reflect  .   c - +0 helmet
rElec   .          Harm     .   (no cloak)
rCorr   .          Rampage  .   (no gloves)
Will    .....                   (no boots)
Stlth   +.........              (no amulet)
HPRegen 0.07/turn               (no ring)
MPRegen 0.08/turn               (no ring)

@: no status effects
A: demonic guardian 1
a: no special abilities


You were on level 2 of the Dungeon.
You visited 1 branch of the dungeon, and saw 2 of its levels.

You collected 28 gold pieces.

Inventory:

Hand Weapons
 a - a +0 long sword (weapon)
Missiles
 d - 3 throwing nets (quivered)
Armour
 b - a +0 leather armour (worn)
 c - a +0 helmet (worn)
Scrolls
 g - 3 scrolls of fog {unknown}
 h - a scroll of amnesia {unknown}
 j - 2 scrolls of identify {unknown}
Potions
 e - a potion of magic {unknown}
 f - 2 potions of heal wounds {unknown}
 i - a potion of curing {unknown}


   Skills:
 + Level 2.3 Fighting
 + Level 2.9 Long Blades
 + Level 2.0 Throwing
 + Level 2.9 Dodging


You had one spell level left.
You didn't know any spells.
Your spell library contained the following spells:

 Spells                   Type           Power      Damage    Failure   Level
 Pain                     Necr           0%         1d4       45%         1
 Agony                    Necr           0%         N/A       100%        5
 Excruciating Wounds      Necr           0%         N/A       100%        5


Dungeon Overview and Level Annotations

Branches:
Dungeon (2/15)

Altars:


Innate Abilities, Weirdness & Mutations

A weak demonic guardian rushes to your aid.


Message History

No target in view!
No target in view!
Done exploring.
No target in view!
Done exploring.
No target in view!
Done exploring.
No target in view!
Done exploring.
Done exploring.
No target in view!
Done exploring.
No target in view!
(D) Dungeon
Where to? (? - help)
There is a stone staircase leading down here.
You climb downwards.
There is a stone staircase leading up here.
A kobold comes into view.
It is wielding a +2 whip of electrocution.
The kobold shouts!
A kobold is nearby!
You barely miss the kobold. The kobold misses you.
A kobold is nearby!
You barely miss the kobold.
The kobold hits you with a +2 whip of electrocution.
You are electrocuted!
Ouch! That really hurt!
* * * LOW HITPOINT WARNING * * *
A demonic guardian appears!
You are too injured to fight recklessly!
You are too injured to fight recklessly!
A kobold is nearby!
You are too injured to fight recklessly!
You barely miss the kobold.
The kobold hits you with a +2 whip of electrocution.
* * * LOW HITPOINT WARNING * * *
Your quasit bites the kobold but does no damage.
Your quasit claws the kobold. x2
The kobold hits you with a +2 whip of electrocution.
You die...

.# # ####..## #####
.########.......
#...............#.....
#.#.#..##.......#...#
#.#.#..##...........
#.#....##.......# #
#...............#.#.#..
#<..#.##..#####@K5.....
#.........# ###......
##....##.## ##.###
#.##.##.###### #
#^##...........
#.......######.
#########


You could see a kobold (ally target) and a friendly quasit (summoned).

Vanquished Creatures
  A bat (D:1)
  An endoplasm (D:1)
  A giant cockroach (D:1)
  A hobgoblin (D:1)
  3 jackals (D:1)
  A quokka (D:1)
  2 ball pythons (D:1)
  A frilled lizard (D:1)
  2 goblins (D:1)
  3 rats (D:1)
16 creatures vanquished.

Notes
Turn   | Place    | Note
-------+----------+-------------------------------------------
     0 | D:1      | BritishOli the Demonspawn Gladiator began the quest for the
                  | Orb.
     0 | D:1      | Reached XP level 1. HP: 16/16 MP: 1/1
   163 | D:1      | Found a faded altar of an unknown god.
   275 | D:1      | Gained mutation: A weak demonic guardian rushes to your
                  | aid. [demonic ancestry]
   275 | D:1      | Reached XP level 2. HP: 9/22 MP: 2/2
   641 | D:1      | Found a faded altar of an unknown god.
   931 | D:2      | HP: 1/22 [kobold (3)]
   931 | D:2      | Slain by a kobold

Illustrated notes

Levels and vault maps discovered:
D:1:      roderic_octagonal_star, layout_rooms,
          hellmonk_ecumenical_altar_the_god_not_taken, minmay_tetromino_i4
D:2:      layout_loops_cross, basic_altar

Skill      XL: |  1 |
---------------+----+-----
Throwing       | 2 |  2.0
Fighting       | |  2.3
Long Blades    | |  2.9
Dodging        | |  2.9

Action                   || total
-------------------------++-------
Melee: Long sword        ||    53
       Punch             ||     1
Armor: Leather armour    ||    12
Dodge: Dodged            ||    46

Table legend: (Time is in decaauts)
 A = Elapsed time spent in this place.
 B = Non-inter-level travel time spent in this place.
 C = Inter-level travel time spent in this place.
 D = Time resting spent in this place.
 E = Time spent auto-exploring this place.
 F = Levels seen in this place.
 G = Mean time per level.
                   A        B        C        D        E       F      G
               +--------+--------+--------+--------+--------+-----+--------+
         Total |    944 |    926 |     18 |      0 |    799 |   2 |  472.0 |
       Dungeon |    944 |    926 |     18 |      0 |    799 |   2 |  472.0 |
               +--------+--------+--------+--------+--------+-----+--------+

Top non-repeatable levels by time:
     D:1: 919 daAuts
     D:2: 25 daAuts
